AoeStats
← TEKILLA

Arena

510574191Analyzed
1v1 RM · 1d ago on Oct 1, 2026· 43m 53s· 2 players
Game mode
Random Map
Map size
Tiny (2 player)
Population
200
Speed
Normal
Resources
Standard
Victory
Conquest
Starting age
Dark Age
Ending age
Imperial Age
RankedLock teamsTeams togetherTeam positionsShared explorationLock speedFull tech treeHidden civsTurbo modeCheats
Victory
Defeat
🇩🇪 Franks · Germany
746
+18
🇨🇴 Saracens · Colombia
779
-18
TEKILLA
10:05 Feudal Age
10:56 Double-Bit Axe
12:02 Gold Mining
19:19 Castle Age
17:58 Stone Mining
18:48 Scale Barding Armor
19:21 Forging
23:00 Chain Barding Armor
23:58 Bow Saw
24:39 Iron Casting
25:47 Husbandry
29:10 Town Watch
31:49 Scale Mail Armor
31:42 Arson
36:29 Chain Mail Armor
39:40 Imperial Age
39:28 Squires
43:43 Plate Mail Armor
niparrara
9:22 Feudal Age
10:08 Double-Bit Axe
16:26 Castle Age
14:59 Horse Collar
16:09 Forging
23:49 Loom
23:50 Town Watch
25:37 Scale Mail Armor
26:53 Heavy Plow
30:10 Wheelbarrow
29:57 Bow Saw
30:10 Pikeman
33:02 Hand Cart
33:30 Chain Mail Armor
33:20 Scale Barding Armor
34:04 Fletching
37:10 Imperial Age
36:28 Elite Skirmisher
37:41 Bodkin Arrow
37:46 Padded Archer Armor
38:22 Iron Casting
38:08 Ballistics
38:31 Stone Mining
38:31 Gold Mining
40:05 Two-Man Saw
40:21 Chemistry
40:08 Leather Archer Armor
44:50 Blast Furnace
44:11 Chain Barding Armor
44:21 Plate Mail Armor
Connection lost

Rejoining the realm…

Still unreachable

The connection could not be restored.

Session expired

The server has moved on; the page needs a fresh start.